 Dungeon Crawl Stone Soup version 0.23-a0-391-g8c51ad5 (webtiles) character file.

146 Garbasso the Insei (level 5, -5/26 HPs)
             Began as a Vine Stalker Transmuter on Oct 30, 2018.
             Killed by miscasting Ice Form (25 damage)
             ... on level 3 of the Dungeon.
             The game lasted 00:05:13 (1987 turns).

Garbasso the Insei (Vine Stalker Transmuter)        Turns: 1987, Time: 00:05:14

Health: -5/26      AC:  3    Str: 13    XL:     5   Next: 28%
Magic:  0/9        EV: 12    Int: 14    God:
Gold:   89         SH:  0    Dex: 14    Spells: 1/8 levels left

rFire    . . .     SeeInvis .     - Unarmed
rCold    . . .     Gourm    .   (no shield)
rNeg     . . .     Faith    .   b - +1 robe
rPois    .         Spirit   +   (no helmet)
rElec    .         Reflect  .   (no cloak)
rCorr    .         Harm     .   (no gloves)
MR       .....     Rnd*Tele +   (no boots)
Stlth    +.........             (no amulet)
HPRegen  0.48/turn              n - ring of teleportation (curse)
MPRegen  0.11/turn              (no ring)

@: lethally poisoned (-5 -> -6), appendage, very slightly contaminated
A: fangs 2, horns 2, regeneration 1, magic shield, antimagic bite, no potion
heal 3, rot immunity
a: End Transformation


You were on level 3 of the Dungeon.
You were not hungry.
You had grown temporary horns.
You visited 1 branch of the dungeon, and saw 3 of its levels.

You collected 89 gold pieces.

Inventory:

Missiles
 a - 22 arrows
 i - 82 stones (quivered)
Armour
 b - a +1 robe (worn)
Jewellery
 n - a cursed ring of teleportation (left hand)
Scrolls
 g - a scroll of teleportation
Potions
 c - a potion of berserk rage {unknown}
 e - 4 potions of flight {unknown}
 f - 2 potions of might {unknown}
 h - a potion of curing {unknown}
 l - 2 potions of haste {unknown}
Comestibles
 d - 2 rations
 j - 3 chunks of flesh


   Skills:
 + Level 2.2 Fighting
 - Level 1.5 Dodging
 * Level 4.5 Unarmed Combat
 - Level 2.1 Spellcasting
 + Level 3.0 Transmutations
 + Level 0.3 Ice Magic


You had one spell level left.
You knew the following spells:

 Your Spells              Type           Power        Failure   Level  Hunger
a - Beastly Appendage     Tmut           ##....       7%          1    #......
b - Sticks to Snakes      Tmut           ##......     10%         2    ###....
c - Ice Form              Ice/Tmut       #.......     75%         4    #####..

Your spell library contained the following spells:

 Spells                   Type           Power        Failure   Level  Hunger
 Spider Form              Tmut/Pois      #.........   36%         3    ###....
 Blade Hands              Tmut           ##........   88%         5    ######.


Dungeon Overview and Level Annotations

Branches:
Dungeon (3/15)

Altars:
Zin


Innate Abilities, Weirdness & Mutations

You have extremely sharp teeth.
Your natural rate of healing is unusually fast.
When hurt, damage is shared between your health and your magic reserves.
Your bite disrupts and absorbs the magic of your enemies.
Potions cannot restore your health.
You are immune to rotting.
You have a pair of horns on your head.


Message History

The adder closely misses you. x2; The orc closely misses you.
You hit the orc.
The orc is severely wounded.
The adder bites you. The adder bites you but does no damage.
The orc completely misses you. The adder bites you.
You are poisoned.
The adder poisons you!
You punch the orc!
You kill the orc!
You feel sick. The adder barely misses you. x2
The adder bites you but does no damage.
Casting: Beastly Appendage (safe; 7% risk of failure)
Confirm with . or Enter, or press ? or * to list all spells.
The spell is very dangerous to cast (75% risk of failure)!
Continue anyway?
You miscast Ice Form.
You are very lightly contaminated with residual magic.
You are caught in an explosion of ice and frost!
The explosion engulfs you!
Ouch! That really hurt!
You die...

..................##
....####............
###<..............##
##. ##.##...........#
...
..#.......(...##..#
#.#............#.####
#.#....#.............
#......#.....S.......
#...........@S#
#..........##oo......
#..........###.......
##.....#..## .......
#.........# #...###
#........(# ...#
#.........# #..#
##.)......# ...
##.......#


You could see 2 adders and 2 orcs.

Vanquished Creatures
  A scorpion (D:2)
  4 adders
  An ooze (D:3)
  A worm (D:2)
  2 dart slugs
  4 leopard geckos
  An orc (D:3)
  A ball python (D:2)
  4 giant cockroaches
  7 goblins
  4 hobgoblins
  2 jackals (D:2)
  3 bats
  4 kobolds
  A rat (D:1)
40 creatures vanquished.

Vanquished Creatures (collateral kills)
  A worm (D:2)
1 creature vanquished.

Grand Total: 41 creatures vanquished

Notes
Turn   | Place    | Note
-------+----------+-------------------------------------------
     0 | D:1      | Garbasso the Vine Stalker Transmuter began the quest for
                  | the Orb.
     0 | D:1      | Reached XP level 1. HP: 9/9 MP: 4/4
    52 | D:1      | Reached skill level 1 in Fighting
   134 | D:1      | Reached XP level 2. HP: 9/14 MP: 4/6
   250 | D:1      | Learned a level 2 spell: Sticks to Snakes
  1052 | D:2      | Noticed a scorpion
  1062 | D:2      | Killed a scorpion
  1062 | D:2      | Reached skill level 4 in Unarmed Combat
  1062 | D:2      | Reached XP level 3. HP: 17/18 MP: 2/7
  1062 | D:2      | Gained mutation: Your natural rate of healing is unusually
                  | fast. [Vine Stalker growth]
  1062 | D:2      | Reached XP level 4. HP: 22/23 MP: 2/8
  1236 | D:2      | Found a glowing silver altar of Zin.
  1500 | D:2      | Reached XP level 5. HP: 26/26 MP: 9/9
  1509 | D:2      | Learned a level 4 spell: Ice Form
  1987 | D:3      | Killed by miscasting Ice Form

Vault maps used:
D:1:      nicolae_arrival_somewhat_less_tricky_arrival
D:2:      zin_statuary
D:3:      overflow_temple_1_default, hangedman_decor_clover_reticule,
          minmay_bisected

Skill      XL: |  1  2  3  4 |
---------------+-------------+-----
Fighting       | 1 2 |  2.2
Unarmed Combat | 4 |  4.5
Transmutations | 3 |  3.0
Dodging        | |  1.5
Spellcasting   | |  2.1
Ice Magic      | |  0.3

Action                   |  1- 3 |  4- 6 || total
-------------------------+-------+-------++-------
Melee: Unarmed           |    35 |    71 ||   106
       Bite              |     7 |    19 ||    26
       Kick              |     8 |     5 ||    13
       Punch             |       |     3 ||     3
       Headbutt          |       |     1 ||     1
Throw: Stone             |       |    13 ||    13
 Cast: Beastly Appendage |     7 |     7 ||    14
       Sticks to Snakes  |     2 |       ||     2
  Use: Scroll            |       |     5 ||     5
  Eat: Chunk             |       |     4 ||     4
Armor: Robe              |     8 |     9 ||    17
Dodge: Dodged            |    21 |    46 ||    67

Table legend:
 A = Non-vault XP
 B = Vault XP
 C = Vault XP percentage of total XP
 D = Non-vault monster count
 E = Vault monster count
 F = Vault count percentage of total count
                 A         B        C        D         E       F
            +---------+---------+-------+---------+---------+-------
      Total |     209 |       0 |   0.0 |      41 |       0 |   0.0
            +---------+---------+-------+---------+---------+-------
        D:1 |      25 |       0 |   0.0 |      11 |       0 |   0.0
        D:2 |     154 |       0 |   0.0 |      24 |       0 |   0.0
        D:3 |      30 |       0 |   0.0 |       6 |       0 |   0.0
            +---------+---------+-------+---------+---------+-------
